 Dungeon Crawl Stone Soup version 0.28-a0-872-g80cf8599ee (webtiles) character file.

Game seed: 12089503822207767169

830 patchburns1 the Shield-Bearer (level 7, -11/44 HPs)
             Began as a Gargoyle Fighter on Nov 20, 2021.
             Was an Initiate of Qazlal.
             Mangled by a two-headed ogre (17 damage)
             ... on level 4 of the Dungeon.
             The game lasted 00:27:33 (5620 turns).

patchburns1 the Shield-Bearer (Gargoyle Fighter)    Turns: 5620, Time: 00:27:34

Health: -11/44     AC: 13    Str: 22    XL:     7   Next: 97%
Magic:  7/7        EV: 10    Int:  8    God:    Qazlal [......]
Gold:   107        SH:  5    Dex:  9    Spells: 6/6 levels left

rFire   + . .      SeeInvis .   o - +2 short sword (speed)
rCold   + + .      Faith    .   c - +0 buckler
rNeg    + . .      Spirit   .   m - +1 scale mail {rC+}
rPois   ∞          Reflect  .   (no helmet)
rElec   +          Harm     .   (no cloak)
rCorr   +          Rampage  .   (no gloves)
Will    +....                   (no boots)
Stlth   ..........              (no amulet)
HPRegen 0.14/turn               t - ring of willpower
MPRegen 0.10/turn               (no ring)

@: mighty, resistant, hasted, very quick
A: sickness immunity, AC +4, negative energy resistance 1, electricity
resistance, torment resistance 1, petrification resistance
a: Renounce Religion


You were on level 4 of the Dungeon.
You worshipped Qazlal.
Qazlal was noncommittal.
You visited 2 branches of the dungeon, and saw 5 of its levels.
You also visited: Sewer.

You collected 107 gold pieces.

Inventory:

Hand Weapons
 a - a +0 flail
 e - a +0 dagger of freezing
 g - a +0 whip
 h - a +0 short sword of venom
 k - a +0 spear
 o - a +2 short sword of speed (weapon)
 p - a +0 shortbow
 B - a +0 short sword of flaming
Missiles
 f - 152 stones (quivered)
 q - 13 bolts
 w - 6 poisoned darts
 y - 23 arrows
 z - 20 sling bullets
Armour
 b - a +0 scale mail
 c - a +0 buckler (worn)
 j - a +0 chain mail
 m - a +1 scale mail of cold resistance (worn)
Magical Staves
 l - a staff of earth
Jewellery
 t - a ring of willpower (left hand)
 v - a ring of ice
Scrolls
 r - 3 scrolls of enchant weapon
 u - 2 scrolls of teleportation
 C - a scroll of amnesia {unknown}
 D - a scroll of blinking
 F - a scroll of fog
 G - a scroll of silence {unknown}
 K - a scroll of fear {unknown}
Potions
 d - 2 potions of might
 i - a potion of flight {unknown}
 n - a potion of attraction {unknown}
 s - 2 potions of resistance
 x - 3 potions of invisibility
 E - a potion of heal wounds {unknown}
 H - a potion of cancellation {unknown}
 I - a potion of magic {unknown}
 J - a potion of curing {unknown}


   Skills:
 * Level 5.5 Fighting
 * Level 4.3 Maces & Flails
 * Level 5.5 Armour
 + Level 2.1 Dodging
 * Level 5.5 Shields


You had 6 spell levels left.
You didn't know any spells.
Your spell library contained the following spells:

 Spells                   Type           Power      Damage    Failure   Level
 Sandblast                Erth           0%         2d4       71%         1
 Scorch                   Fire           0%         2d5       85%         2
 Mephitic Cloud           Conj/Pois/Air  0%         N/A       97%         3
 Ozocubu's Armour         Ice            0%         N/A       97%         3
 Spider Form              Tmut/Pois      0%         N/A       97%         3
 Flame Wave               Conj/Fire      0%         3d3       100%        4
 Leda's Liquefaction      Hex/Erth       0%         N/A       100%        4
 Metabolic Englaciation   Hex/Ice        0%         N/A       100%        5
 Simulacrum               Ice/Necr       0%         N/A       100%        6
 Summon Cactus Giant      Summ           0%         N/A       100%        6
 Ozocubu's Refrigeration  Ice            0%         4d5       100%        7


Dungeon Overview and Level Annotations

Branches:
Dungeon (4/15)             Temple (1/1) D:4           Sewer (visited)

Altars:
Ashenzari
Cheibriados
Dithmenos
Elyvilon
Fedhas
Gozag
Hepliaklqana
Kikubaaqudgha
Makhleb
Nemelex Xobeh
Okawaru
Qazlal
Ru
Sif Muna
Trog
Vehumet
Wu Jian
Xom
Yredelemnul
Zin
The Shining One

Shops:
D:2 *


Innate Abilities, Weirdness & Mutations

You are immune to sickness and miasma.
Your stone body is resilient. (AC +4)
You are immune to poison.
You resist negative energy. (rN+)
You are resistant to electric shocks. (rElec)
You are resistant to unholy torment.
You are immune to petrification.


Message History

As you open the door, it creaks loudly!
Found a pitted leather armour.
There is an open door here.
You see here the +1 leather armour "Nyopnetye" {rN+ Int+4 Dex-3}.
A two-headed ogre comes into view.
It is wielding a +0 dire flail and a +0 giant club.
The two-headed ogre shouts in stereo!
Throw: 153 stones
Press: ? - help, Q - select action, (/) - cycle Shift-Dir - straight line, f - two-headed ogre
Aim: a two-headed ogre, wielding a +0 dire flail and a +0 giant club (72% to hit)
You throw a stone. The stone hits the two-headed ogre.
The two-headed ogre is lightly wounded.
You open the door.
The two-headed ogre hits you with a +0 dire flail!
The two-headed ogre hits you with a +0 giant club!
There is an open door here.
You see here the +1 leather armour "Nyopnetye" {rN+ Int+4 Dex-3}.
There is an open door here.
There is an open door here.
Really walk into that dispersal trap?
You enter a dispersal trap!
The two-headed ogre blinks! x2; You blink.
The two-headed ogre completely misses you.
The two-headed ogre closely misses you.
The two-headed ogre hits you with a +0 dire flail!
* * * LOW HITPOINT WARNING * * *
The two-headed ogre hits you with a +0 giant club.
* * * LOW HITPOINT WARNING * * *
Really walk into that dispersal trap?
You enter a dispersal trap!
The two-headed ogre blinks!
You blink.
There is an open door here.
There is a stone staircase leading up here.
You feel yourself speed up.
It was a potion of resistance.
You feel protected.
You feel very mighty all of a sudden.
You hit the two-headed ogre.
The two-headed ogre is lightly wounded.
The two-headed ogre hits you with a +0 dire flail!
* * * LOW HITPOINT WARNING * * *
The two-headed ogre hits you with a +0 giant club!
You die...

##################
#.............<..#
+................#
#................#
#.####.....##....#
#####.####..>..##....#
#....<.@O......##....#
#..............##....#
.
#....................#
P≈P#≈
#....................#
≈≈≈≈≈
#....)...............#
≈≈≈≈
#....###+###...###...#
≈≈≈≈
#'######..##...###...#
≈≈≈###
#..........#....#....#
≈≈≈..## #..........#
...#....#


You could see a two-headed ogre.

Vanquished Creatures
  Sigmund (D:4)
  An ice beast (D:3)
  A black bear (D:2)
  A phantom (D:3)
  A kobold brigand (Sewer)
  A hound (D:4)
  An iguana (Temple)
  7 river rats (Sewer)
  10 adders
  2 worms
  3 dart slugs
  6 orcs (D:3)
  8 ball pythons
  6 endoplasms
  4 giant cockroaches
  7 goblins
  11 hobgoblins
  5 jackals
  23 kobolds
  4 quokkas
  3 bats
  4 frilled lizards
  26 rats
136 creatures vanquished.

Vanquished Creatures (others)
  3 plants (D:4)
3 creatures vanquished.

Grand Total: 139 creatures vanquished

Notes
Turn   | Place    | Note
-------+----------+-------------------------------------------
     0 | D:1      | patchburns1 the Gargoyle Fighter began the quest for the
                  | Orb.
     0 | D:1      | Reached XP level 1. HP: 14/14 MP: 1/1
   139 | D:1      | Got the Tome of Venom and the Mountains
   246 | D:1      | Reached XP level 2. HP: 19/19 MP: 2/2
   664 | D:1      | Reached XP level 3. HP: 23/23 MP: 3/3
  1383 | D:2      | Reached XP level 4. HP: 29/29 MP: 4/4
  1438 | D:2      | Found Wipnig's General Store.
  1807 | D:2      | Reached skill level 1 in Dodging
  2057 | D:3      | Noticed a black bear
  2061 | D:3      | Noticed a phantom
  2092 | D:2      | Killed a black bear
  2093 | D:2      | Reached XP level 5. HP: 8/33 MP: 5/5
  2744 | D:3      | Killed a phantom
  2745 | D:3      | Reached XP level 6. HP: 27/39 MP: 6/6
  3032 | D:3      | Noticed an ice beast
  3059 | D:3      | Killed an ice beast
  3387 | D:4      | Reached XP level 7. HP: 44/44 MP: 7/7
  3481 | D:4      | Found a staircase to the Ecumenical Temple.
  3547 | D:4      | Reached skill level 5 in Armour
  3587 | D:4      | Found a glowing drain.
  3591 | Sewer    | Entered a sewer
  3625 | Sewer    | Reached skill level 5 in Fighting
  3800 | Sewer    | Identified the +1 robe "Zyamye Anuti" {rN+}
  4141 | Sewer    | Reached skill level 5 in Shields
  4971 | Temple   | Entered the Ecumenical Temple
  5347 | Temple   | Became a worshipper of Qazlal Stormbringer
  5400 | D:4      | Noticed Sigmund
  5455 | D:4      | Killed Sigmund
  5513 | D:4      | Identified the +1 leather armour "Nyopnetye" {rN+ Int+4
                  | Dex-3}
  5545 | D:4      | Noticed a two-headed ogre
  5620 | D:4      | Mangled by a two-headed ogre

Illustrated notes

Levels and vault maps discovered:
D:1:      dpeg_arrival_boxorama, layout_basic
D:2:      layout_basic, serial_shops, nicolae_shop_crystal,
          minmay_indecisive_spiral
D:3:      kennysheep_big_flooded_room, layout_basic, minmay_diced_spiral
D:4:      layout_gridville, minmay_temple_entry_trees, gup_sewer_entry_spiral,
          chequers_big_river, uniq_sigmund
Temple:   mainiacjoe_temple_archimedes_tessellation

Skill      XL: |  1  2  3  4  5  6  7 |
---------------+----------------------+-----
Armour         | 4 5 |  5.5
Fighting       | 4 5 |  5.5
Dodging        | 1 2 |  2.1
Shields        | 4 5 |  5.5
Maces & Flails | 3 4 |  4.3

Action                   |  1- 3 |  4- 6 |  7- 9 || total
-------------------------+-------+-------+-------++-------
Melee: Flail             |   109 |       |       ||   109
       Short sword       |     5 |   163 |   288 ||   456
Throw: Stone             |     2 |     1 |     8 ||    11
  Use: Scroll            |       |       |     6 ||     6
       Potion            |       |       |     3 ||     3
Armor: Scale mail        |    40 |    57 |    94 ||   191
       Chain mail        |    29 |       |       ||    29
Dodge: Dodged            |    47 |    50 |   118 ||   215
Block: Buckler           |    18 |    27 |    50 ||    95

Table legend: (Time is in decaauts)
 A = Elapsed time spent in this place.
 B = Non-inter-level travel time spent in this place.
 C = Inter-level travel time spent in this place.
 D = Time resting spent in this place.
 E = Time spent auto-exploring this place.
 F = Levels seen in this place.
 G = Mean time per level.
                   A        B        C        D        E       F      G
               +--------+--------+--------+--------+--------+-----+--------+
         Total |   5584 |   5584 |      0 |   1018 |   1880 |   6 |  930.7 |
       Dungeon |   3924 |   3924 |      0 |    665 |   1309 |   4 |  981.0 |
        Temple |    405 |    405 |      0 |      0 |    310 |   1 |  405.0 |
         Sewer |   1254 |   1254 |      0 |    353 |    261 |   1 | 1254.0 |
               +--------+--------+--------+--------+--------+-----+--------+

Top non-repeatable levels by time:
   Sewer: 1254 daAuts
     D:1: 1176 daAuts
     D:2: 1134 daAuts
     D:3: 1099 daAuts
     D:4: 515 daAuts
  Temple: 405 daAuts
